 Dungeon Crawl Stone Soup version 0.20.1-1-g8b1a95d (webtiles) character file.

8107 Glalom the Cleaver (level 11, -2/103 HPs)
             Began as a Deep Dwarf Fighter on Oct 31, 2017.
             Was an Elder of Makhleb.
             Slain by Erolcha
             ... wielding a +0 giant club
              (23 damage)
             ... on level 10 of the Dungeon on Nov 1, 2017.
             The game lasted 00:28:08 (7626 turns).

Glalom the Cleaver (Deep Dwarf Fighter)             Turns: 7626, Time: 00:28:10

Health: -2/103     AC: 15    Str: 21    XL:     11   Next: 5%
Magic:  10/10      EV: 12    Int:  8    God:    Makhleb [****..]
Gold:   396        SH:  0    Dex: 15    Spells: 10/10 levels left

rFire    . . .     SeeInvis .   a - +0 war axe
rCold    . . .     Gourm    .   (no shield)
rNeg     . . .     Faith    .   b - +0 scale mail
rPois    .         Spirit   .   v - +2 helmet
rElec    .         Reflect  .   (no cloak)
rCorr    .         Harm     .   K - +2 pair of gloves
MR       +....                  (no boots)
Stlth    ..........             (no amulet)
Regen    0.0/turn               j - +3 ring of evasion
MPRegen  0.2/turn               F - +3 ring of slaying

@: non-regenerating
A: damage resistance, heal wounds, sense surroundings 2, no regeneration
a: Heal Wounds, Minor Destruction, Lesser Servant of Makhleb, Major Destruction,
Renounce Religion


You were on level 10 of the Dungeon.
You worshipped Makhleb.
Makhleb was greatly pleased with you.
You were hungry.

You visited 1 branch of the dungeon, and saw 10 of its levels.

You collected 486 gold pieces.
You spent 90 gold pieces at shops.

Inventory:

Hand Weapons
 a - a +0 war axe (weapon)
Armour
 b - a +0 scale mail (worn)
 c - a +0 shield
 r - a +0 helmet
 v - a +2 helmet (worn)
 x - a cursed +0 leather armour
 B - a +1 helmet
 E - a +0 pair of gloves
 K - a +2 pair of gloves (worn)
 T - a +1 hat
Jewellery
 j - a +3 ring of evasion (left hand)
 y - a +3 ring of dexterity
 F - a +3 ring of slaying (right hand)
 I - an uncursed amulet of magic regeneration
 J - an uncursed ring of flight
Wands
 t - a wand of flame (21/48)
 M - a wand of confusion (19/48)
 S - a wand of disintegration (12/24)
 V - a wand of polymorph (11/24)
 Y - a wand of flame (17/48)
Scrolls
 e - 4 scrolls of enchant armour
 h - 3 scrolls of blinking {unknown}
 k - 4 scrolls of identify
 m - 5 scrolls of remove curse
 p - 5 scrolls of teleportation
 u - 5 scrolls of magic mapping {unknown}
 w - a scroll of immolation {unknown}
 A - 2 scrolls of enchant weapon {unknown}
 D - 2 scrolls of noise {unknown}
 G - a scroll of random uselessness {unknown}
 P - 4 scrolls of recharging {unknown}
 U - a scroll of fog {unknown}
 Z - 3 scrolls of vulnerability {unknown}
Potions
 d - 2 potions of might
 g - a potion of degeneration {unknown}
 l - 6 potions of brilliance {unknown}
 n - 2 potions of cancellation {unknown}
 o - 2 potions of berserk rage {unknown}
 q - 3 potions of magic {unknown}
 s - 3 potions of heal wounds {unknown}
 z - 3 potions of curing {unknown}
 L - a potion of haste {unknown}
 N - 2 potions of mutation {unknown}
 O - 2 potions of flight {unknown}
 R - a potion of ambrosia {unknown}
 W - a potion of invisibility {unknown}
Books
 X - a book of Maledictions

   Spells                             Type                      Level
   a - Corona                         Hexes                        1
   b - Ensorcelled Hibernation        Hexes/Ice                    2
   c - Confuse                        Hexes                        3
   d - Tukima's Dance                 Hexes                        3
   e - Dazzling Spray                 Conjuration/Hexes            3
Comestibles
 f - 12 bread rations
 i - 2 royal jellies
 C - 7 meat rations
 H - 6 fruits
 Q - 28 chunks of flesh


   Skills:
 - Level 8.1 Fighting
 - Level 12.0 Axes
 - Level 9.5 Armour
 + Level 5.0 Shields
 + Level 4.8 Invocations
 + Level 4.2 Evocations


You had 10 spell levels left.
You didn't know any spells.

Dungeon Overview and Level Annotations

Branches:
Dungeon (10/15)            Temple (0/1) D:7            Lair (0/6) D:8
    Orc (0/2) D:10

Altars:
Ashenzari
Cheibriados
Dithmenos
Fedhas
Gozag
Kikubaaqudgha
Makhleb
Nemelex Xobeh
Okawaru
Ru
Trog
Uskayaw
Vehumet
Xom

Shops:
D:6 (   D:8 *(   D:9 *

Annotations:
D:10 Erolcha


Innate Abilities, Weirdness & Mutations

You are resistant to damage.
You can heal yourself by infusing magical energy.
You passively map the area around you.
You do not regenerate.


Message History

Erolcha screams, "Lunch!"
Erolcha casts a spell.
Erolcha flickers and vanishes!
Deactivating autopickup; reactivate with Ctrl-A.
No target in view!
Something tries to affect you, but you resist.
Something tries to affect you, but you resist.
Found 15 arrows.
You hit something. Something hits you!
You hit something but do no damage. Something hits you!
You slash something! You slash something!
You hear some strange, mumbled words.
A stone arrow appears from out of thin air!
The stone arrow hits you!
* * * LOW HITPOINT WARNING * * *
You barely miss something. Something hits you.
You are feeling hungry.
You slash something! Something hits you!!
You die...

#.######(# #.# #.# #.#
#(# #.####### * #.#
#.######........ * * *
#.# #............... ,
#.######.######[.......
* ##........# #........
* ...######># #........
##.# #.# #{....... #.#
#.######@....... , #.#
#.....(......... #.#
#.######........, ,
##.######.# #........ *
..........# #........ ,
##)######.# #....|...
** * * #)#
#.######........ , #[#
#..............., , #.#
#...............


There were no monsters in sight!

Vanquished Creatures
  Erica (D:8)
  3 two-headed ogres
  An unseen horror (D:10)
  Prince Ribbit (D:6)
  A troll (D:9)
  Eustachio (D:5)
  A wyvern (D:7)
  Duvessa (D:5)
  2 black bears
  A phantom (D:6)
  5 orc warriors
  An eye of draining (D:10)
  A necrophage (D:7)
  6 ogres
  3 centaurs
  2 big kobolds (D:10)
  6 bullfrogs
  Dowan (D:5)
  8 scorpions
  6 killer bees (D:9)
  The ghost of ceb the Bolt Thrower, a weakling DsHu (D:4)
  2 howler monkeys
  3 crimson imps
  A bullfrog zombie (D:9)
  3 hounds
  3 jellies
  5 orc priests
  10 orc wizards
  4 bullfrog skeletons
  5 iguanas
  8 worker ants
  2 hound zombies
  A hound skeleton (D:6)
  Robin (D:2)
  8 adders
  A howler monkey zombie (D:5)
  3 shadow imps
  3 adder skeletons
  An adder zombie (D:5)
  2 worms
  4 dart slugs
  7 leopard geckos
  35 orcs
  10 bats
  9 giant cockroaches
  8 goblins
  6 hobgoblins
  11 jackals
  14 kobolds
  4 quokkas
  4 frilled lizards
  2 quokka skeletons
  6 rats
239 creatures vanquished.

Notes
Turn   | Place    | Note
-------+----------+-------------------------------------------
     0 | D:1      | Glalom the Deep Dwarf Fighter began the quest for the Orb.
     0 | D:1      | Reached XP level 1. HP: 20/20 MP: 1/1
     8 | D:1      | Noticed an electric eel
    13 | D:1      | Noticed an electric eel
   117 | D:1      | Reached skill level 3 in Axes
   164 | D:1      | Reached XP level 2. HP: 16/27 MP: 2/2
   452 | D:1      | You fall through a shaft!
   583 | D:3      | Reached skill level 4 in Axes
   583 | D:3      | Reached XP level 3. HP: 19/33 MP: 2/2
   758 | D:5      | Entered Level 5 of the Dungeon
   838 | D:6      | Noticed a centaur
   868 | D:5      | Reached skill level 5 in Axes
   868 | D:5      | Reached XP level 4. HP: 34/40 MP: 2/2
  1436 | D:2      | Found a bloodstained altar of Trog.
  1708 | D:2      | Noticed Robin
  1723 | D:2      | Killed Robin
  1898 | D:2      | Found a shattered altar of Ashenzari.
  2015 | D:3      | Reached XP level 5. HP: 38/46 MP: 3/3
  2697 | D:3      | Found a sacrificial altar of Ru.
  2795 | D:4      | Found an opulent altar of Gozag.
  2857 | D:4      | Found a snail-covered altar of Cheibriados.
  2928 | D:4      | Reached skill level 6 in Axes
  2968 | D:4      | Noticed ceb's ghost (weakling DsHu)
  2978 | D:4      | Killed ceb's ghost
  3007 | D:4      | Noticed an ogre
  3011 | D:4      | Killed an ogre
  3011 | D:4      | Reached skill level 7 in Axes
  3011 | D:4      | Reached XP level 6. HP: 45/55 MP: 4/4
  3364 | D:4      | Reached skill level 8 in Axes
  3467 | D:5      | Found a burning altar of Makhleb.
  3475 | D:5      | Became a worshipper of Makhleb the Destroyer
  3692 | D:5      | Noticed Dowan
  3693 | D:5      | Noticed Duvessa
  3717 | D:5      | Killed Duvessa
  3717 | D:5      | Reached XP level 7. HP: 44/62 MP: 5/5
  3735 | D:5      | Killed Dowan
  3829 | D:5      | Found an ancient bone altar of Kikubaaqudgha.
  4097 | D:5      | Noticed Eustachio
  4116 | D:5      | Killed Eustachio
  4116 | D:5      | Reached skill level 5 in Armour
  4186 | D:6      | Found a blossoming altar of Fedhas.
  4197 | D:6      | Noticed Prince Ribbit
  4210 | D:6      | Killed Prince Ribbit
  4210 | D:6      | Reached skill level 5 in Fighting
  4210 | D:6      | Reached XP level 8. HP: 38/74 MP: 6/6
  4218 | D:6      | Reached * piety under Makhleb
  4283 | D:6      | Found a radiant altar of Vehumet.
  4402 | D:6      | Found Daraes's Weapon Boutique.
  4734 | D:6      | Found a shadowy altar of Dithmenos.
  5085 | D:7      | Gained mutation: You passively map the area around you. [Deep Dwarf growth]
  5085 | D:7      | Reached XP level 9. HP: 34/82 MP: 7/7
  5173 | D:7      | Reached skill level 9 in Axes
  5257 | D:7      | Found an iron altar of Okawaru.
  5267 | D:7      | Reached ** piety under Makhleb
  5304 | D:7      | Found a sparkling altar of Nemelex Xobeh.
  5375 | D:7      | Found a staircase to the Ecumenical Temple.
  5488 | D:8      | Noticed a two-headed ogre
  5631 | D:8      | Killed a two-headed ogre
  5631 | D:8      | Reached skill level 10 in Axes
  5674 | D:8      | Noticed a two-headed ogre
  5683 | D:8      | Killed a two-headed ogre
  5748 | D:8      | Found Omisism's Weapon Shop.
  5766 | D:8      | Found Destakhe's Desiderata Depot.
  5768 | D:8      | Found a staircase to the Lair.
  5774 | D:8      | Noticed Erica
  5814 | D:8      | Killed Erica
  5814 | D:8      | Reached skill level 11 in Axes
  5814 | D:8      | Reached XP level 10. HP: 26/94 MP: 7/7
  5888 | D:8      | Found a shimmering altar of Xom.
  6011 | D:8      | Found a hide-covered altar of Uskayaw.
  6216 | D:8      | Noticed a two-headed ogre
  6443 | D:9      | Reached *** piety under Makhleb
  6494 | D:9      | Noticed a two-headed ogre
  6508 | D:9      | Killed a two-headed ogre
  6526 | D:9      | Reached skill level 12 in Axes
  6725 | D:9      | Reached skill level 1 in Invocations
  6725 | D:9      | Reached skill level 1 in Evocations
  6741 | D:9      | Found Laol's Assorted Antiques.
  6780 | D:9      | Found a bloodstained altar of Trog.
  7144 | D:9      | Bought a scroll of teleportation for 90 gold pieces
  7282 | D:10     | Entered Level 10 of the Dungeon
  7322 | D:10     | Killed an unseen horror
  7327 | D:10     | Reached XP level 11. HP: 70/103 MP: 8/10
  7342 | D:10     | Reached **** piety under Makhleb
  7479 | D:10     | Reached skill level 5 in Shields
  7493 | D:10     | Found a staircase to the Orcish Mines.
  7555 | D:10     | Found Asudd's Assorted Antiques.
  7616 | D:10     | Noticed Erolcha
  7626 | D:10     | Slain by Erolcha

Skill      XL: |  1  2  3  4  5  6  7  8  9 10 11 |
---------------+----------------------------------+-----
Axes           | 3 4 5 7 8 11 12 | 12.0
Fighting       | 3 5 6 7 8 |  8.1
Armour         | 4 6 7 9 |  9.5
Invocations    | 4 |  4.8
Evocations     | 4 |  4.2
Shields        | 4 5 |  5.0

Action                   |  1- 3 |  4- 6 |  7- 9 | 10-12 || total
-------------------------+-------+-------+-------+-------++-------
Melee: War axe           |    73 |   131 |   248 |   325 ||   777
 Abil: Heal Wounds       |     3 |       |     9 |     4 ||    16
Evoke: Wand              |       |       |       |     3 ||     3
  Use: Scroll            |     1 |     4 |     1 |     2 ||     8
  Eat: Chunk             |       |     9 |     7 |     6 ||    22
Armor: Scale mail        |    47 |    52 |    91 |   134 ||   324
Dodge: Dodged            |    47 |    80 |   145 |   179 ||   451
